AoeStats
← Jamdalf

Arena

509284621Analyzed
1v1 RM · 6d ago on Sep 26, 2026· 22m 13s· 2 players
Game mode
Random Map
Map size
Tiny (2 player)
Population
200
Speed
Normal
Resources
Standard
Victory
Conquest
Starting age
Dark Age
Ending age
Imperial Age
RankedLock teamsTeams togetherTeam positionsShared explorationLock speedFull tech treeHidden civsTurbo modeCheats
Victory
Defeat
🇺🇸 Lithuanians · United States
1097
+15
🇦🇺 Bulgarians · Australia
1077
-15
Jamdalf
10:39 Feudal Age
13:08 Loom
16:44 Castle Age
16:10 Forging
15:51 Double-Bit Axe
15:47 Horse Collar
19:03 Iron Casting
19:19 Stone Mining
Pointgiven
9:42 Feudal Age
15:53 Castle Age
14:46 Double-Bit Axe
16:03 Pikeman
17:31 Scale Mail Armor
17:19 Loom
18:11 Fervor
20:14 Scale Barding Armor
21:01 Bloodlines
Connection lost

Rejoining the realm…

Still unreachable

The connection could not be restored.

Session expired

The server has moved on; the page needs a fresh start.